 Dungeon Crawl Stone Soup version 0.24-a0-184-gcb5ae2c (webtiles) character file.

Game seed: 11480168875643834202

5093 Dfrag the Destroyer (level 10, -17/63 HPs)
             Began as a Demonspawn Fire Elementalist on Mar 15, 2019.
             Was a Believer of Vehumet.
             Killed from afar by Pikel (19 damage)
             ... with a wand of acid (8)
             ... on level 8 of the Dungeon.
             The game lasted 00:14:44 (8248 turns).

Dfrag the Destroyer (Demonspawn Fire Elementalist)  Turns: 8248, Time: 00:14:45

Health: -17/63     AC:  0    Str:  8    XL:     10   Next: 32%
Magic:  11/22      EV: 12    Int: 20    God:    Vehumet [**....]
Gold:   370        SH:  6    Dex: 18    Spells: 12/25 levels left

rFire    . . .     SeeInvis .   q - +4 hunting sling (velocity)
rCold    . . .     Gourm    .   (no shield)
rNeg     . . .     Faith    .   K - +1 robe {MR+}
rPois    .         Spirit   .   (helmet restricted)
rElec    .         Reflect  .   (no cloak)
rCorr    .         Harm     .   l - +0 pair of gloves
MR       +....                  (no boots)
Stlth    +++.......             (no amulet)
HPRegen  0.20/turn              g - +4 ring of dexterity
MPRegen  0.18/turn              (no ring)

@: corroded
A: horns 1, large bone plates 2, nightstalker 1, powered by death 1
a: Renounce Religion


You were on level 8 of the Dungeon.
You worshipped Vehumet.
Vehumet was pleased with you.
You were hungry.

You visited 1 branch of the dungeon, and saw 8 of its levels.
You also visited: Sewer.

You collected 370 gold pieces.

Inventory:

Hand Weapons
 q - a +4 hunting sling of velocity (weapon)
 y - a +0 war axe
 I - a +5 flail
Missiles
 r - 120 stones (quivered)
Armour
 a - a +0 robe
 l - a +0 pair of gloves (worn)
 K - a +1 robe of magic resistance (worn)
Jewellery
 g - a +4 ring of dexterity (left hand)
Wands
 C - a wand of flame (17)
 F - a wand of random effects (18)
Scrolls
 b - a scroll of noise {unknown}
 d - 4 scrolls of fog
 e - a scroll of immolation {unknown}
 f - 3 scrolls of remove curse
 i - 3 scrolls of enchant armour {unknown}
 m - 4 scrolls of magic mapping {unknown}
 s - a scroll of random uselessness {unknown}
 t - 2 scrolls of enchant weapon {unknown}
 u - 2 scrolls of amnesia {unknown}
 z - 4 scrolls of fear {unknown}
Potions
 h - 2 potions of flight
 k - a potion of mutation
 n - 6 potions of curing
 o - 2 potions of might
 p - 4 potions of brilliance
 v - 2 potions of agility
 w - 3 potions of heal wounds
 x - a potion of cancellation {unknown}
 A - 3 potions of magic
 B - 2 potions of haste
 D - 2 potions of degeneration {unknown}
 G - a potion of lignification {unknown}
 H - 2 potions of berserk rage {unknown}
Comestibles
 c - 12 rations


   Skills:
 - Level 1.7 Dodging
 - Level 1.7 Stealth
 + Level 8.4 Spellcasting
 + Level 8.9 Conjurations
 + Level 8.6 Fire Magic


You had 12 spell levels left.
You knew the following spells:

 Your Spells              Type           Power        Failure   Level  Hunger
a - Flame Tongue          Conj/Fire      #####        1%          1    None
b - Conjure Flame         Conj/Fire      #####...     1%          3    None
c - Sticky Flame          Conj/Fire      #####...     2%          4    ###....
d - Fireball              Conj/Fire      #####.....   6%          5    #####..

Your spell library contained the following spells:

 Spells                   Type           Power        Failure   Level  Hunger
 Throw Frost              Conj/Ice       ####..       1%          2    None
 Sting                    Conj/Pois      ####         1%          1    None
 Throw Flame              Conj/Fire      #####.       1%          2    None
 Inner Flame              Hex/Fire       ####....     4%          3    None
 Mephitic Cloud           Conj/Pois/Air  ###.....     7%          3    None
 Freeze                   Ice            #...         9%          1    None
 Poisonous Vapours        Pois/Air       #.....       12%         2    None
 Throw Icicle             Conj/Ice       ####....     13%         4    ###....
 Ozocubu's Armour         Chrm/Ice       #.......     24%         3    None
 Venom Bolt               Conj/Pois      ####......   34%         5    #####..
 Olgreb's Toxic Radiance  Pois           #.......     63%         4    ###....
 Summon Ice Beast         Ice/Summ       #.......     63%         4    ###....


Dungeon Overview and Level Annotations

Branches:
Dungeon (8/15)             Temple (0/1) D:7
   Lair: D:8-11

Altars:
Gozag
Nemelex Xobeh
Sif Muna
Trog
Vehumet
Wu Jian
Zin
Beogh

Shops:
D:4 %

Annotations:
D:5 3 runed translucent doors, ezpacito's ghost, novice DsFi
D:8 Harold; Joseph; Pikel


Innate Abilities, Weirdness & Mutations

You have a pair of small horns on your head.
You are mostly covered in large bone plates. (SH +6)
You are slightly more attuned to the shadows.
You regenerate a little health from kills.


Message History

Confirm with . or Enter, or press ? or * to list all spells.
You can't see any susceptible monsters within range! (Use Z to cast anyway.) Unknown command.
Firing (i - inventory)
r - 122 stones (quivered)
Press: ? - help, Shift-Dir - straight line, f - Pikel
Aim: Pikel, wielding a +2 whip of electrocution, wearing a +0 robe and carrying a wand of acid (9) (hasn't noticed you)
You shoot a stone. The stone barely misses Pikel.
Pikel shouts!
Firing (i - inventory)
r - 121 stones (quivered)
Press: ? - help, Shift-Dir - straight line, f/p - Pikel
Aim: Pikel, wielding a +2 whip of electrocution, wearing a +0 robe and carrying a wand of acid (9)
You shoot a stone. The stone closely misses Pikel.
Pikel zaps a wand.
The bolt of acid hits you!!
* * * LOW HITPOINT WARNING * * *
The acid corrodes you!
You are splashed with acid!
* * * LOW HITPOINT WARNING * * *
You are too injured to fight recklessly!
You can't go up here!
Pikel zaps a wand.
The bolt of acid hits you!!
You die...

#####..).......#........
...#[...##...###........
@..).(..##...#....(...#
..(##...##...#...K._..#
...##...##...#........#
(...#........#........#
....#........'.....##.#
....#........#........#
##.####.##...#..@..####
.# .# .. ####'#...[
..#.... ..#.... ..# ...
.# .#


You could see Pikel.

Vanquished Creatures
  Prince Ribbit (D:7)
  Grinder (D:5)
  3 wargs (D:8)
  Menkaure (D:4)
  Duvessa (D:6)
  4 orc warriors
  A slave (D:8)
  3 eyes of draining (D:7)
  2 sky beasts
  3 ice beasts
  3 ogres
  A black bear (D:8)
  3 phantoms
  A centaur (D:8)
  A big kobold (D:7)
  6 bullfrogs
  A scorpion (D:6)
  Dowan (D:6)
  6 killer bees (D:7)
  5 wights (D:7)
  A howler monkey (D:6)
  4 crimson imps
  2 hounds
  A bullfrog zombie (D:5)
  12 orc priests
  A bullfrog skeleton (D:4)
  Jessica (D:3)
  An iguana (D:4)
  6 orc wizards
  3 worker ants
  A hound zombie (D:6)
  A hound skeleton (D:7)
  A worker ant zombie (D:5)
  11 adders
  A howler monkey skeleton (D:7)
  5 river rats (Sewer)
  2 shadow imps
  An ooze (D:1)
  2 adder skeletons
  A worm (D:2)
  3 dart slugs
  3 leopard geckos
  46 orcs
  13 giant cockroaches
  8 hobgoblins
  12 jackals
  6 kobolds
  A quokka (D:4)
  17 ball pythons
  A ball python zombie (D:5)
  3 bats
  8 frilled lizards
  6 goblins
  A leopard gecko skeleton (D:4)
  A leopard gecko zombie (D:5)
  27 rats
262 creatures vanquished.

Vanquished Creatures (others)
  3 fungi (D:5)
  2 plants
5 creatures vanquished.

Grand Total: 267 creatures vanquished

Notes
Turn   | Place    | Note
-------+----------+-------------------------------------------
     0 | D:1      | Dfrag the Demonspawn Fire Elementalist began the quest for
                  | the Orb.
     0 | D:1      | Reached XP level 1. HP: 13/13 MP: 3/3
   356 | D:1      | Gained mutation: You regenerate a little health from kills.
                  | [demonic ancestry]
   356 | D:1      | Reached XP level 2. HP: 6/19 MP: 3/5
  1130 | D:2      | Gained mutation: You have a pair of small horns on your
                  | head. [demonic ancestry]
  1130 | D:2      | Reached XP level 3. HP: 24/24 MP: 2/6
  1187 | D:2      | Found a sparkling altar of Nemelex Xobeh.
  1621 | D:2      | Reached XP level 4. HP: 22/30 MP: 5/8
  2094 | D:3      | Noticed Jessica
  2101 | D:3      | Killed Jessica
  2152 | D:3      | Learned a level 3 spell: Conjure Flame
  2157 | D:3      | Learned a level 4 spell: Sticky Flame
  2476 | D:4      | Reached XP level 5. HP: 35/35 MP: 9/9
  2552 | D:4      | Found Geisch's Food Shop.
  2822 | D:4      | Noticed a phantom
  2969 | D:4      | Killed a phantom
  2969 | D:4      | Reached XP level 6. HP: 28/41 MP: 2/11
  3461 | D:4      | Noticed Menkaure
  3609 | D:4      | Killed Menkaure
  3609 | D:4      | Gained mutation: You are partially covered in large bone
                  | plates. (SH +4) [demonic ancestry]
  3609 | D:4      | Reached XP level 7. HP: 46/46 MP: 7/13
  3783 | D:5      | Entered Level 5 of the Dungeon
  3803 | D:5      | Reached skill level 5 in Fire Magic
  3869 | D:5      | Found a deep blue altar of Sif Muna.
  3920 | D:5      | Noticed Grinder
  3928 | D:5      | Killed Grinder
  3928 | D:5      | Reached skill level 5 in Spellcasting
  3928 | D:5      | Reached skill level 5 in Conjurations
  4067 | D:5      | Found a glowing drain.
  4082 | Sewer    | Entered a sewer
  4183 | Sewer    | Gained mutation: You are mostly covered in large bone
                  | plates. (SH +6) [demonic ancestry]
  4183 | Sewer    | Reached XP level 8. HP: 37/52 MP: 8/15
  4891 | D:5      | Found a runed translucent gate.
  4891 | D:5      | Found a runed translucent gate.
  4891 | D:5      | Noticed ezpacito's ghost (novice DsFi)
  4892 | D:5      | Found a runed translucent gate.
  5223 | D:6      | Found a radiant altar of Vehumet.
  5232 | D:6      | Became a worshipper of Vehumet
  5420 | D:6      | Noticed Dowan
  5421 | D:6      | Noticed Duvessa
  5628 | D:6      | Killed Dowan
  5630 | D:6      | Killed Duvessa
  5787 | D:6      | Gained mutation: You are slightly more attuned to the
                  | shadows. [demonic ancestry]
  5787 | D:6      | Reached XP level 9. HP: 54/57 MP: 13/18
  6351 | D:7      | Learned a level 5 spell: Fireball
  6412 | D:7      | Reached * piety under Vehumet
  6412 | D:7      | Offered knowledge of Freeze by Vehumet.
  6552 | D:7      | Found a staircase to the Ecumenical Temple.
  6575 | D:7      | Found a roughly hewn altar of Beogh.
  6971 | D:7      | Noticed Prince Ribbit
  6977 | D:7      | Killed Prince Ribbit
  7049 | D:7      | Found a bloodstained altar of Trog.
  7263 | D:7      | Reached XP level 10. HP: 13/63 MP: 2/21
  7435 | D:7      | Reached ** piety under Vehumet
  7435 | D:7      | Offered knowledge of Throw Frost by Vehumet.
  7542 | D:7      | Found an opulent altar of Gozag.
  7615 | D:7      | Found an ornate altar of the Wu Jian Council.
  7952 | D:8      | Noticed Joseph
  8002 | D:8      | Noticed Harold
  8141 | D:8      | Noticed a two-headed ogre
  8196 | D:8      | Found a glowing silver altar of Zin.
  8245 | D:8      | Noticed Pikel
  8247 | D:8      | HP: 2/63 [acid (11)]
  8248 | D:8      | Killed from afar by Pikel

Levels and vault maps discovered:
D:1:      sevenhm_arrival_forest_fort_large_2, layout_basic,
          wander_ebering_terrifying_dragon_lair
D:2:      layout_basic, nemelex_xobeh_ov_fountains_minmay, grunt_ministairs_3,
          minmay_splitting_lines, serial_park_tiny_1
D:3:      layout_rooms, first_ration, minivault_4, kennysheep_boxes,
          uniq_jessica
D:4:      layout_cave_pods, serial_shops, shop, abandoned_shop,
          minmay_small_thing, uniq_menkaure
D:5:      layout_basic, kennysheep_mini, gup_sewer_entry_pipe,
          gammafunk_ghost_nasty_kobolds, chequers_serial_rivers_marsh,
          minmay_misc_feat_room, uniq_grinder
D:6:      layout_basic, vehumet_altar_wand_db, serial_corexii_hall,
          corexii_hall_statues_x, chequers_hall_statues_wall_a,
          grunt_tough_drop, uniq_duvessa
D:7:      layout_gridville, overflow_temple_1_default, kennysheep_mini_moat,
          trog_eyes_of_draining, minmay_temple_entry_large_hall,
          david_defended_altar_orc, uniq_prince_ribbit1
D:8:      layout_gridville, erik_lair_orcish_takeover, basic_altar,
          grunt_ogre_cave, onia_ninara_dug_in_and_dangerous, uniq_pikel,
          uniq_joseph, uniq_harold
Sewer:    sewer_minmay_w

Skill      XL: |  1  2  3  4  5  6  7  8  9 10 |
---------------+-------------------------------+-----
Fire Magic     | 3 4 5 6 8 |  8.6
Conjurations   | 2 3 4 5 6 8 |  8.9
Spellcasting   | 3 4 5 6 7 8 |  8.4
Dodging        | |  1.7
Stealth        | |  1.7

Action                   |  1- 3 |  4- 6 |  7- 9 | 10-12 || total
-------------------------+-------+-------+-------+-------++-------
Melee: Unarmed           |    38 |       |       |       ||    38
       Hunting sling     |       |       |    15 |       ||    15
       Headbutt          |       |       |     5 |       ||     5
       Flail             |       |       |     4 |       ||     4
 Fire: Hunting sling     |    15 |    87 |   272 |    73 ||   447
 Cast: Flame Tongue      |    52 |    39 |    97 |     1 ||   189
       Sticky Flame      |       |     4 |    37 |    16 ||    57
       Conjure Flame     |       |       |     1 |       ||     1
       Fireball          |       |       |       |     9 ||     9
Evoke: Wand              |       |       |     5 |       ||     5
  Use: Scroll            |       |     5 |     4 |     3 ||    12
       Potion            |       |       |     3 |       ||     3
  Eat: Chunk             |     2 |     6 |    14 |     7 ||    29
       Ration            |       |       |     1 |       ||     1
Armor: Robe              |    11 |     6 |    22 |     9 ||    48
Dodge: Dodged            |    49 |    35 |    98 |    29 ||   211
Block: Other             |       |       |    76 |    21 ||    97

Table legend:
 A = Non-vault XP
 B = Vault XP
 C = Vault XP percentage of total XP
 D = Non-vault monster count
 E = Vault monster count
 F = Vault count percentage of total count
                 A         B        C        D         E       F
            +---------+---------+-------+---------+---------+-------
      Total |    4489 |    2787 |  38.3 |     181 |      80 |  30.7
            +---------+---------+-------+---------+---------+-------
        D:1 |      34 |       3 |   8.1 |      18 |       1 |   5.3
        D:2 |      82 |       7 |   7.9 |      22 |       2 |   8.3
        D:3 |      21 |      37 |  63.8 |      11 |       1 |   8.3
        D:4 |     458 |     273 |  37.3 |      21 |       2 |   8.7
        D:5 |     525 |     284 |  35.1 |      29 |       7 |  19.4
        D:6 |     748 |     259 |  25.7 |      21 |       4 |  16.0
        D:7 |    1897 |     999 |  34.5 |      43 |       9 |  17.3
        D:8 |     724 |     572 |  44.1 |      16 |       6 |  27.3
      Sewer |       0 |     353 | 100.0 |       0 |      48 | 100.0
            +---------+---------+-------+---------+---------+-------
